3AA
MINNESOTA LOONS @ IRVING BLUE SOX
09/03/2042
 
TOP OF THE 1ST
Minnesota Loons batting - Pitching for Irving Blue Sox : RHP King Joseph
Pitching: RHP King Joseph
Batting: LHB Steve Williams 0-0: Ground out U3 (Groundball, 34, EV 83.1 MPH)
Batting: RHB Sergei Adjubei 0-0: Called Strike
0-1: Fly out, F7 (Flyball, 78M, EV 89.4 MPH)
Batting: LHB Juan Ritaquevedo 0-0: Called Strike
0-1: Foul Ball, location: 2F
0-2: Foul Ball, location: 2F
0-2: Ball
1-2: Fly out, F4 (Line Drive, 4, EV 73.1 MPH)
Top of the 1st over - 0 runs, 0 hits, 0 errors, 0 left on base; Minnesota 0 - Irving 0
BOTTOM OF THE 1ST
Irving Blue Sox batting - Pitching for Minnesota Loons : RHP Voitto Niskakangas
Pitching: RHP Voitto Niskakangas
Batting: LHB Nathan Shallcross 0-0: Foul Ball, location: 2F
0-1: Foul Ball, location: 2F
0-2: Ball
1-2: Ball
2-2: Ball
3-2: Foul Ball, location: 2F
3-2: Base on Balls
Batting: LHB James Berry 0-0: Ball
1-0: Swinging Strike
1-1: Foul Ball, location: 2F
1-2: Ball
2-2: Ball
3-2: Fly out, F9 (Flyball, 9LS, EV 85.0 MPH)
Batting: RHB Julian Lemur 0-0: Ball
1-0: SINGLE (Line Drive, 5D, EV 98.8 MPH)
Nathan Shallcross to second
Batting: RHB Bob Hill 0-0: Called Strike
0-1: Called Strike
0-2: Ball
1-2: Strikes out swinging
Batting: RHB Dan Webb 0-0: Called Strike
0-1: Ball
1-1: Called Strike
1-2: Foul Ball, location: 2F
1-2: Strikes out looking
Bottom of the 1st over - 0 runs, 1 hit, 0 errors, 2 left on base; Minnesota 0 - Irving 0
TOP OF THE 2ND
Minnesota Loons batting - Pitching for Irving Blue Sox : RHP King Joseph
Batting: SHB Pavlushenka Galanov 0-0: Fly out, F9 (Flyball, 9D, EV 105.0 MPH)
Batting: RHB Bernard Dowiyogo 0-0: Called Strike
0-1: Swinging Strike
0-2: SINGLE (Flyball, 9LM, EV 96.9 MPH)
Batting: RHB Alberto Zúńiga 0-0: Swinging Strike
0-1: Called Strike
0-2: Ball
1-2: Ball
2-2: Strikes out looking
Batting: RHB Dan Barnes 0-0: Ball
1-0: Called Strike
1-1: Ball
2-1: Fly out, F7 (Flyball, 8LD, EV 103.8 MPH)
Top of the 2nd over - 0 runs, 1 hit, 0 errors, 1 left on base; Minnesota 0 - Irving 0
BOTTOM OF THE 2ND
Irving Blue Sox batting - Pitching for Minnesota Loons : RHP Voitto Niskakangas
Batting: LHB Ánibal Leobardo 0-0: SINGLE (Line Drive, 9S, EV 96.9 MPH)
Batting: RHB Rubén Plumey 0-0: Ball
1-0: Called Strike
1-1: Ball
2-1: Called Strike
2-2: Ball
3-2: SINGLE (Line Drive, 3D, EV 103.1 MPH)
Ánibal Leobardo to second
Batting: RHB Martín Muńóz 0-0: Ball
1-0: Called Strike
1-1: Ball
2-1: Swinging Strike
2-2: Ground out 4-3 (Groundball, 4MS, EV 66.9 MPH)
Ánibal Leobardo to third
Rubén Plumey to second
Batting: RHB Gabriel De La Garza 0-0: Called Strike
0-1: Ball
1-1: Ball
2-1: Foul Ball, location: 2F
2-2: Foul Ball, location: 2F
2-2: Foul Ball, location: 2F
2-2: Fly out, F8 (Flyball, 78M, EV 85.6 MPH)
Batting: LHB Nathan Shallcross 0-0: Called Strike
0-1: Swinging Strike
0-2: Strikes out swinging
Bottom of the 2nd over - 0 runs, 2 hits, 0 errors, 2 left on base; Minnesota 0 - Irving 0
TOP OF THE 3RD
Minnesota Loons batting - Pitching for Irving Blue Sox : RHP King Joseph
Batting: RHB Martin Mullinger 0-0: Ball
1-0: Called Strike
1-1: Called Strike
1-2: Strikes out swinging
Batting: RHB José Garrastazu 0-0: Ball
1-0: SINGLE (Groundball, 4MD, EV 94.4 MPH)
Batting: LHB Steve Williams 0-0: Called Strike
0-1: Fly out, F8 (Flyball, 78D, EV 101.9 MPH)
Batting: RHB Sergei Adjubei 0-0: Called Strike
0-1: Ball
1-1: Ball
2-1: Ball
3-1: Fly out, F7 (Flyball, 7S, EV 91.9 MPH)
Top of the 3rd over - 0 runs, 1 hit, 0 errors, 1 left on base; Minnesota 0 - Irving 0
BOTTOM OF THE 3RD
Irving Blue Sox batting - Pitching for Minnesota Loons : RHP Voitto Niskakangas
Batting: LHB James Berry 0-0: Ball
1-0: Ball
2-0: Foul Ball, location: 2F
2-1: Foul Ball, location: 2F
2-2: Ball
3-2: Hit by Pitch
Batting: RHB Julian Lemur 0-0: Ball
1-0: Fly out, F4 (Popup, 34D, EV 66.9 MPH)
Batting: RHB Bob Hill 0-0: Ball
1-0: Foul Ball, location: 2F
1-1: Ball
2-1: Foul Ball, location: 2F
2-2: Ball
3-2: Grounds into double play, 5-4-3 (Groundball, 5, EV 83.1 MPH)
Bottom of the 3rd over - 0 runs, 0 hits, 0 errors, 0 left on base; Minnesota 0 - Irving 0
TOP OF THE 4TH
Minnesota Loons batting - Pitching for Irving Blue Sox : RHP King Joseph
Batting: LHB Juan Ritaquevedo 0-0: Fly out, F8 (Line Drive, 8RD, EV 90.0 MPH)
Pitching: RHP Jeff Davis
Batting: SHB Pavlushenka Galanov 0-0: Ball
1-0: Ball
2-0: Ball
3-0: Called Strike
3-1: Fly out, F9 (Flyball, 9D, EV 96.2 MPH)
Batting: RHB Bernard Dowiyogo 0-0: Foul Ball, location: 2F
0-1: Fly out, F8 (Line Drive, 8LD, EV 91.2 MPH)
Top of the 4th over - 0 runs, 0 hits, 0 errors, 0 left on base; Minnesota 0 - Irving 0
BOTTOM OF THE 4TH
Irving Blue Sox batting - Pitching for Minnesota Loons : RHP Voitto Niskakangas
Batting: RHB Dan Webb 0-0: Fly out, F7 (Flyball, 78M, EV 90.0 MPH)
Batting: LHB Ánibal Leobardo 0-0: Ball
1-0: Ball
2-0: Ball
3-0: Base on Balls
Batting: RHB Rubén Plumey 0-0: Called Strike
0-1: Foul Ball, location: 2F
0-2: Foul Ball, location: 2F
0-2: Ball
1-2: Ball
2-2: Foul Ball, location: 2F
2-2: Ball
3-2: Foul Ball, location: 2F
3-2: Foul Ball, location: 2F
3-2: Strikes out swinging
Batting: RHB Martín Muńóz 0-0: Foul Ball, location: 2F
0-1: Ball
1-1: Ball
Ánibal Leobardo steals 2nd base
2-1: Foul Ball, location: 2F
2-2: Ball
3-2: Fly out, F7 (Flyball, 78S, EV 91.9 MPH)
Bottom of the 4th over - 0 runs, 0 hits, 0 errors, 1 left on base; Minnesota 0 - Irving 0
TOP OF THE 5TH
Minnesota Loons batting - Pitching for Irving Blue Sox : RHP Jeff Davis
Batting: RHB Alberto Zúńiga 0-0: Ball
1-0: Called Strike
1-1: Swinging Strike
1-2: Strikes out swinging
Batting: RHB Dan Barnes 0-0: Called Strike
0-1: Ball
1-1: SINGLE (Line Drive, 89M, EV 99.4 MPH)
Batting: RHB Martin Mullinger 0-0: Foul Ball, location: 2F
0-1: Ball
1-1: SINGLE (Groundball, 56S, EV 63.1 MPH) (infield hit)
Dan Barnes to second
Batting: RHB José Garrastazu 0-0: Foul Ball, location: 2F
0-1: Ball
1-1: Ball
2-1: Ball
3-1: Base on Balls
Dan Barnes to third
Martin Mullinger to second
Batting: LHB Steve Williams 0-0: Foul Ball, location: 2F
0-1: Ball
1-1: Called Strike
1-2: DOUBLE (Line Drive, 9LS, EV 105.6 MPH)
Dan Barnes scores
Martin Mullinger scores
José Garrastazu to third
Runner from 3rd tries for Home, SAFE, throw by RF to trailing runner, SAFE at third!
Batting: RHB Sergei Adjubei 0-0: Ball
1-0: Ball
2-0: SINGLE (Line Drive, 56D, EV 96.2 MPH)
Steve Williams scores
Pitching: RHP Kevin Moran
Batting: LHB Juan Ritaquevedo 0-0: Called Strike
0-1: Ball
1-1: Foul Ball, location: 2F
1-2: Ball
Sergei Adjubei steals 2nd base
2-2: Foul Ball, location: 2F
2-2: Foul Ball, location: 2F
2-2: Foul Ball, location: 2F
2-2: Strikes out swinging
Batting: SHB Pavlushenka Galanov 0-0: Ball
1-0: Fly out, F9 (Flyball, 89D, EV 80.0 MPH)
Top of the 5th over - 4 runs, 4 hits, 0 errors, 1 left on base; Minnesota 4 - Irving 0
BOTTOM OF THE 5TH
Irving Blue Sox batting - Pitching for Minnesota Loons : RHP Voitto Niskakangas
Batting: RHB Gabriel De La Garza 0-0: Foul Ball, location: 2F
0-1: Ball
1-1: Ground out 6-3 (Groundball, 6, EV 84.4 MPH)
Batting: LHB Nathan Shallcross 0-0: SINGLE (Groundball, 34D, EV 106.2 MPH)
Batting: LHB James Berry 0-0: Fielders Choice at 2nd, 4-6 (Groundball, 4M, EV 86.9 MPH)
Batting: RHB Julian Lemur 0-0: Called Strike
0-1: Fielders Choice at 2nd, 6-4 (Groundball, 56, EV 86.2 MPH)
Bottom of the 5th over - 0 runs, 1 hit, 0 errors, 1 left on base; Minnesota 4 - Irving 0
TOP OF THE 6TH
Minnesota Loons batting - Pitching for Irving Blue Sox : RHP Kevin Moran
Batting: RHB Bernard Dowiyogo 0-0: Ball
1-0: Called Strike
1-1: Ball
2-1: Ball
3-1: Fly out, F5 (Popup, 56, EV 75.0 MPH)
Batting: RHB Alberto Zúńiga 0-0: Ball
1-0: Called Strike
1-1: Ball
2-1: Ball
3-1: Called Strike
3-2: Ground out 4-3 (Groundball, 4S, EV 84.4 MPH)
Batting: RHB Dan Barnes 0-0: Called Strike
0-1: Ball
1-1: Ball
2-1: Fly out, F9 (Flyball, 89S, EV 88.1 MPH)
Top of the 6th over - 0 runs, 0 hits, 0 errors, 0 left on base; Minnesota 4 - Irving 0
BOTTOM OF THE 6TH
Irving Blue Sox batting - Pitching for Minnesota Loons : RHP Voitto Niskakangas
Batting: RHB Bob Hill 0-0: Swinging Strike
0-1: Foul Ball, location: 2F
0-2: Foul Ball, location: 2F
0-2: Ball
1-2: SINGLE (Line Drive, 78S, EV 99.4 MPH)
Batting: RHB Dan Webb 0-0: Swinging Strike
0-1: Called Strike
0-2: DOUBLE (Line Drive, 8RXD, EV 105.6 MPH)
Bob Hill to third
Batting: LHB Ánibal Leobardo 0-0: Called Strike
0-1: Fly out, F6 (Popup, P, EV 82.5 MPH)
Batting: RHB Rubén Plumey 0-0: Fly out, F9 (Flyball, 9D, EV 93.1 MPH)
Runner from 3rd tags up, SCORES, no throw by RF
Dan Webb to third
Batting: RHB Martín Muńóz 0-0: Ball
1-0: Swinging Strike
1-1: Ball
2-1: Fly out, F7 (Flyball, 7D, EV 101.2 MPH)
Bottom of the 6th over - 1 run, 2 hits, 0 errors, 1 left on base; Minnesota 4 - Irving 1
TOP OF THE 7TH
Minnesota Loons batting - Pitching for Irving Blue Sox : RHP Kevin Moran
Batting: RHB Martin Mullinger 0-0: Ball
1-0: Ball
2-0: Fly out, F8 (Flyball, 8LM, EV 84.4 MPH)
Batting: RHB José Garrastazu 0-0: Ball
1-0: Swinging Strike
1-1: Foul Ball, location: 2F
1-2: Foul Ball, location: 2F
1-2: Foul Ball, location: 2F
1-2: Strikes out looking
Batting: LHB Steve Williams 0-0: Ground out 4-3 (Groundball, 4M, EV 110.0 MPH)
Top of the 7th over - 0 runs, 0 hits, 0 errors, 0 left on base; Minnesota 4 - Irving 1
BOTTOM OF THE 7TH
Irving Blue Sox batting - Pitching for Minnesota Loons : RHP Voitto Niskakangas
Pitching: RHP Maxwell Security
Batting: RHB Gabriel De La Garza 0-0: Ground out 6-3 (Groundball, 6, EV 81.9 MPH)
Batting: LHB Nathan Shallcross 0-0: Called Strike
0-1: Ball
1-1: Ball
2-1: Ball
3-1: Ground out 4-3 (Groundball, 4, EV 106.2 MPH)
Batting: LHB James Berry 0-0: Ball
1-0: Ball
2-0: Called Strike
2-1: Fly out, F6 (Line Drive, 6, EV 66.9 MPH)
Bottom of the 7th over - 0 runs, 0 hits, 0 errors, 0 left on base; Minnesota 4 - Irving 1
TOP OF THE 8TH
Minnesota Loons batting - Pitching for Irving Blue Sox : RHP Kevin Moran
Batting: RHB Sergei Adjubei 0-0: SINGLE (Groundball, 56D, EV 93.8 MPH)
Batting: LHB Juan Ritaquevedo 0-0: Ball
1-0: Foul Ball, location: 2F
1-1: Ball
2-1: Foul Ball, location: 2F
2-2: Foul Ball, location: 2F
2-2: Foul Ball, location: 2F
2-2: Foul Ball, location: 2F
2-2: Ball
3-2: Fielders Choice at 2nd, 4-6 (Groundball, 4D, EV 83.8 MPH)
Pitching: RHP Shawn Hanna
Batting: SHB Pavlushenka Galanov 0-0: Ball
1-0: Called Strike
1-1: Ball
2-1: Fly out, F5 (Popup, 56S, EV 68.8 MPH)
Batting: RHB Bernard Dowiyogo 0-0: Ball
1-0: SINGLE (Groundball, 3D, EV 98.1 MPH)
Juan Ritaquevedo to second
Runner from 2nd tries for 3rd, SAFE, throw by RF made to third
Batting: RHB Alberto Zúńiga 0-0: Ball
1-0: Swinging Strike
1-1: Ball
2-1: Ball
3-1: Foul Ball, location: 2F
3-2: SINGLE (Line Drive, 3D, EV 97.5 MPH)
Juan Ritaquevedo scores
Bernard Dowiyogo to second
Bernard Dowiyogo to third
Batting: RHB Dan Barnes 0-0: Swinging Strike
0-1: Ball
1-1: Ball
2-1: Called Strike
2-2: Strikes out looking
Top of the 8th over - 1 run, 3 hits, 0 errors, 2 left on base; Minnesota 5 - Irving 1
BOTTOM OF THE 8TH
Irving Blue Sox batting - Pitching for Minnesota Loons : RHP Maxwell Security
Batting: RHB Julian Lemur 0-0: Swinging Strike
0-1: Fly out, F6 (Popup, 6M, EV 63.1 MPH)
Batting: RHB Bob Hill 0-0: Ball
1-0: Fly out, F8 (Flyball, 78M, EV 85.0 MPH)
Batting: RHB Dan Webb 0-0: Called Strike
0-1: Ball
1-1: Swinging Strike
1-2: Ball
2-2: Strikes out swinging
Bottom of the 8th over - 0 runs, 0 hits, 0 errors, 0 left on base; Minnesota 5 - Irving 1
TOP OF THE 9TH
Minnesota Loons batting - Pitching for Irving Blue Sox : RHP Shawn Hanna
Batting: RHB Martin Mullinger 0-0: Called Strike
0-1: Ground out 4-3 (Groundball, 4, EV 85.0 MPH)
Batting: RHB José Garrastazu 0-0: Ball
1-0: Called Strike
1-1: Swinging Strike
1-2: Ball
2-2: Ball
3-2: Base on Balls
Batting: LHB Steve Williams 0-0: Ball
1-0: Foul Ball, location: 2F
1-1: Fly out, F7 (Flyball, 7, EV 84.4 MPH)
Batting: RHB Sergei Adjubei 0-0: Ball
1-0: Fly out, F9 (Flyball, 9, EV 92.5 MPH)
Top of the 9th over - 0 runs, 0 hits, 0 errors, 1 left on base; Minnesota 5 - Irving 1
BOTTOM OF THE 9TH
Irving Blue Sox batting - Pitching for Minnesota Loons : RHP Maxwell Security
Batting: LHB Ánibal Leobardo 0-0: Ball
1-0: Swinging Strike
1-1: Ball
2-1: Fly out, F3 (Line Drive, 3, EV 64.4 MPH)
Batting: RHB Rubén Plumey 0-0: Foul Ball, location: 2F
0-1: Foul Ball, location: 2F
0-2: Ground out 4-3 (Groundball, 4, EV 87.5 MPH)
Batting: RHB Martín Muńóz 0-0: Ground out U3 (Groundball, 34, EV 85.6 MPH)
Bottom of the 9th over - 0 runs, 0 hits, 0 errors, 0 left on base; Minnesota 5 - Irving 1
Friday, March 26th, 2021 - OOTP Baseball 20.8 Build 74